 Dungeon Crawl Stone Soup version 0.29-a0-297-g7659ce593d (webtiles) character file.

Game seed: 8276470504189918209

75 Ajdolov the Skirmisher (level 4, -3/48 HPs)
             Began as an Ogre Fire Elementalist on Mar 20, 2022.
             Slain by a hound (5 damage)
             ... on level 4 of the Dungeon.
             The game lasted 00:03:18 (2571 turns).

Ajdolov the Skirmisher (Ogre Fire Elementalist)     Turns: 2571, Time: 00:03:19

Health: -3/48      AC:  4    Str: 12    XL:     4   Next: 31%
Magic:  6/8        EV:  9    Int: 18    God:
Gold:   106        SH:  0    Dex:  9    Spells: 6/9 levels left

rFire   . . .      SeeInvis .   c - +0 spear
rCold   . . .      Faith    .   (no shield)
rNeg    . . .      Spirit   .   a - +0 robe
rPois   .          Reflect  .   (helmet restricted)
rElec   .          Harm     .   l - +0 cloak
rCorr   .          Rampage  .   (gloves unavailable)
Will    .....                   (boots unavailable)
Stlth   +.........              (no amulet)
HPRegen 0.16/turn               m - ring of flight
MPRegen 0.11/turn               (no ring)

@: flying, hasted, very quick
A: large, unfitting armour, tough skin 1
a: no special abilities


You were on level 4 of the Dungeon.
You visited 1 branch of the dungeon, and saw 5 of its levels.

You collected 106 gold pieces.

Inventory:

Hand Weapons
 c - a +0 spear (weapon)
Armour
 a - a +0 robe (worn)
 l - a +0 cloak (worn)
Jewellery
 m - a ring of flight (left hand)
Wands
 n - a wand of iceblast (10)
Scrolls
 h - a scroll of holy word {unknown}
 i - 2 scrolls of fog {unknown}
 j - a scroll of silence {unknown}
 k - 3 scrolls of teleportation {unknown}
Potions
 d - a potion of curing {unknown}
 e - a potion of heal wounds {unknown}
 f - a potion of degeneration {unknown}
 g - a potion of haste


   Skills:
 * Level 3.7 Fighting
 - Level 1.7 Dodging
 - Level 1.4 Stealth
 + Level 3.0 Spellcasting
 - Level 0.8 Conjurations
 - Level 3.2 Fire Magic


You had 6 spell levels left.
You knew the following spells:

 Your Spells              Type           Power      Damage    Failure   Level
a - Foxfire               Conj/Fire      40%        2x1d6     7%          1
b - Scorch                Fire           28%        2d6       6%          2

Your spell library contained the following spells:

 Spells                   Type           Power      Damage    Failure   Level
 Conjure Flame            Conj/Fire      10%        6-21      22%         3
 Inner Flame              Hex/Fire       8%         N/A       26%         3
 Ignite Poison            Fire/Tmut/Pois 6%         N/A       30%         3
 Flame Wave               Conj/Fire      10%        2d5       56%         4
 Sticky Flame             Conj/Fire      10%        2d3       56%         4


Dungeon Overview and Level Annotations

Branches:
Dungeon (5/15)
 Temple: D:4-7

Altars:


Innate Abilities, Weirdness & Mutations

You are too large for most types of armour.
You have tough skin. (AC +1)


Message History

The hound closely misses you.
Unknown command.
Found an embroidered cloak.
Found a stone staircase leading up.
A gnoll sergeant comes into view. It is wielding a +0 vorpal spear.
Something hits you.
* * * LOW HITPOINT WARNING * * *
Something shocks you.
* * * LOW HITPOINT WARNING * * *
The hound attacks as you move away! The hound barely misses you.
The hound bites you but does no damage. The hound misses you.
There is a stone staircase leading up here.
Okay, then.
The gnoll shouts!
You hear a shout!
The hound bites you but does no damage.
You fly upwards.
Reactivating autopickup.
There is a stone staircase leading down here.
It was a potion of haste.
You feel yourself speed up. The hound closely misses you.
The hound barely misses you.
Okay, then.
Found a stone staircase leading up.
The hound attacks as you move away! The hound bites you but does no damage.
An endoplasm comes into view.
The endoplasm quivers.
You are too injured to fight recklessly!
Unknown command.
Magic courses through your body. The hound bites you but does no damage.
The endoplasm freezes you.
You are frozen.
* * * LOW HITPOINT WARNING * * *
Unknown command.
You are too injured to fight recklessly!
Casting: Scorch (safe; 6% risk of failure)
Press: ? - help, Q - select action, (/) - cycle Dir - look around, f - activate Flames lash the hobgoblin.
The hobgoblin is moderately wounded.
The hobgoblin's fire resistance burns away.
The hound bites you.
You die...

##### # ##...##.#
# #.....#.#..
#..........
#..g......#
#.>......#
#.#######.##....#
#.<.J@h.g.# #.#
###########


You could see a hound, an endoplasm and a hobgoblin (combustible).

Vanquished Creatures
  3 adders (D:2)
  5 ball pythons
  7 bats
  4 endoplasms
  2 giant cockroaches (D:1)
  4 goblins
  5 hobgoblins
  A jackal (D:1)
  A quokka (D:2)
  3 frilled lizards
  7 kobolds
  A rat (D:1)
43 creatures vanquished.

Vanquished Creatures (others)
  7 foxfires (D:1)
7 creatures vanquished.

Grand Total: 50 creatures vanquished

Notes
Turn   | Place    | Note
-------+----------+-------------------------------------------
     0 | D:1      | Ajdolov the Ogre Fire Elementalist began the quest for the
                  | Orb.
     0 | D:1      | Reached XP level 1. HP: 16/16 MP: 3/3
   400 | D:1      | Reached XP level 2. HP: 23/26 MP: 5/5
   428 | D:1      | Reached skill level 1 in Fighting
   589 | D:1      | Learned a level 2 spell: Scorch
  1175 | D:2      | Reached XP level 3. HP: 35/35 MP: 3/6
  1921 | D:2      | Reached XP level 4. HP: 45/45 MP: 8/8
  2539 | D:3      | You are sucked into a shaft and drop 2 floors!
  2539 | D:5      | Entered Level 5 of the Dungeon
  2539 | D:5      | Noticed a sky beast
  2558 | D:5      | Noticed a gnoll sergeant
  2559 | D:5      | HP: 2/48 [something (5)]
  2570 | D:4      | HP: 1/48 [frozen (2)]
  2571 | D:4      | Slain by a hound

Illustrated notes

Levels and vault maps discovered:
D:1:      evilmike_arrival_crescent, layout_basic, serial_glass,
          glass_columns_b, glass_columns_a, glass_columns_a, glass_columns_b,
          glass_columns_b, glass_columns_b, glass_columns_b, glass_columns_b,
          item_on_display_a, due_unseen_surprise, minmay_strange_pillars,
          minmay_strange_pillars, kennysheep_doodads
D:2:      layout_loops_corners
D:3:      layout_rooms, serial_shops, shop, dreamdust_ecumenical_altar_grove,
          minmay_stone_trees_small, serial_bayou_pond_c
D:4:      layout_loops_corners, mainiacjoe_overflow_24_doors, uniq_grinder
D:5:      layout_cave_pools, old_standard_altar, mainiacjoe_overflow_alcove_2,
          minmay_temple_entry_large_hall, serial_gnoll_camp,
          gnoll_camp_mini_loothouse, gnoll_camp_mini_shop,
          gnoll_camp_mini_house, gnoll_camp_huts_basic, gnoll_camp_mini_house,
          gnoll_camp_mini_doghouse, serial_shops, kennysheep_little_box

Skill      XL: |  1  2  3  4 |
---------------+-------------+-----
Fire Magic     | 3 |  3.2
Fighting       | 2 3 |  3.7
Spellcasting   | 3 |  3.0
Dodging        | |  1.7
Stealth        | |  1.4
Conjurations   | |  0.8

Action                   |  1- 3 |  4- 6 || total
-------------------------+-------+-------++-------
Melee: Spear             |   120 |    32 ||   152
 Cast: Foxfire           |     5 |       ||     5
       Scorch            |     9 |     9 ||    18
  Use: Potion            |       |     2 ||     2
 Stab: Sleeping          |     4 |       ||     4
Armor: Robe              |    51 |    27 ||    78
Dodge: Dodged            |    70 |    22 ||    92

Table legend: (Time is in decaauts)
 A = Elapsed time spent in this place.
 B = Non-inter-level travel time spent in this place.
 C = Inter-level travel time spent in this place.
 D = Time resting spent in this place.
 E = Time spent auto-exploring this place.
 F = Levels seen in this place.
 G = Mean time per level.
                   A        B        C        D        E       F      G
               +--------+--------+--------+--------+--------+-----+--------+
         Total |   2582 |   2551 |     31 |    437 |   1685 |   5 |  516.4 |
       Dungeon |   2582 |   2551 |     31 |    437 |   1685 |   5 |  516.4 |
               +--------+--------+--------+--------+--------+-----+--------+

Top non-repeatable levels by time:
     D:2: 1289 daAuts
     D:1: 1166 daAuts
     D:3: 96 daAuts
     D:5: 24 daAuts
     D:4: 5 daAuts
